AoeStats
← DS_Kvothe

Arabian Desert

510183081Analyzed
1v1 RM · 2d ago on Sep 29, 2026· 24m 31s· 2 players
Game mode
Random Map
Map size
Tiny (2 player)
Population
200
Speed
Normal
Resources
Standard
Victory
Conquest
Starting age
Dark Age
Ending age
Imperial Age
RankedLock teamsTeams togetherTeam positionsShared explorationLock speedFull tech treeHidden civsTurbo modeCheats
Victory
Defeat
🇮🇳 Burgundians · India
1982
+14
🇦🇷 Chinese · Argentina
1947
-14
DS_Kvothe
0:25 Loom
10:38 Feudal Age
15:41 Double-Bit Axe
16:17 Horse Collar
23:47 Castle Age
22:23 Fletching
link_chaos
6:04 Loom
8:28 Feudal Age
7:56 Double-Bit Axe
10:34 Town Watch
14:24 Fletching
22:11 Castle Age
20:25 Horse Collar
20:56 Bow Saw
21:27 Scale Barding Armor
24:07 Chain Barding Armor
Connection lost

Rejoining the realm…

Still unreachable

The connection could not be restored.

Session expired

The server has moved on; the page needs a fresh start.